Canadiens vs Wild

Created - 17 décembre 2020 at 13:18

Goals
1 2 3 T
Canadiens 0 1 2 3
Wild 0 1 1 2
Shots
1 2 3 T
Canadiens 4 7 19 30
Wild 10 15 6 31

1st period

No Goal

Penalties :
Adam Larsson (MTL) for Slashing (Minor) at 14:29, Jack Eichel (MIW) for Cross-checking (Minor) at 18:42

2nd period

1. Wild , Patrice Bergeron 6 (Nikita Kucherov 7) at 7:24 (PP)
2. Canadiens , Ryan O'Reilly 8 (Mitch Marner 4, Jake Muzzin 1) at 9:19

Penalties :
Alexander Nylander (MTL) for Interference (Minor) at 4:53, Slater Koekkoek (MTL) for Boarding (Minor) at 7:20, Jake Muzzin (MTL) for Holding (Minor) at 11:31, Brayden McNabb (MIW) for Holding (Minor) at 18:50

3rd period

3. Canadiens , Derick Brassard 2 (Brad Richardson 4) at 1:03
4. Wild , T.J. Oshie 1 (Nikita Kucherov 8, Patrice Bergeron 8) at 5:03
5. Canadiens , Ryan O'Reilly 9 (Mitch Marner 5) at 13:23 (PP)

Penalties :
Travis Hamonic (MTL) for Tripping (Minor) at 5:13, Jordan Greenway (MIW) for Interference (Minor) at 13:20, Kris Letang (MIW) for Tripping (Minor) at 13:53

Goalie Stats

Adin Hill (MTL), 29 saves from 31 shots - (0,935), W, 3-2-0, 60:00 minutes
Linus Ullmark (MIW), 27 saves from 30 shots - (0,900), L, 0-3-0, 60:00 minutes

Players Stats for Canadiens

Player Name              G  A  P  +/- PIM S  H  SB GA TA FO     MP     PP MP  PK MP  
------------------------------------------------------------------------------------
Adam Larsson             0  0  0   0  2   1  2  4  0  0  0/0    22:13   2:29   2:28 
Alex Galchenyuk          0  0  0   0  0   3  0  1  0  0  0/2    10:17   0:00   0:52 
Alexander Nylander       0  0  0   0  2   1  1  0  1  0  0/0     8:03   0:00   0:00 
Anthony DeAngelo         0  0  0   0  0   0  0  0  0  0  0/0    20:19   2:29   3:15 
Brad Richardson          0  1  1   1  0   1  1  0  0  0  1/1    10:02   0:00   0:00 
Bryan Little             0  0  0  -1  0   1  1  0  0  1  0/0    13:27   2:42   0:00 
Chris Kreider            0  0  0   1  0   3  2  1  0  0  1/4    21:32   3:18   2:45 
Colin Campbell           0  0  0   0  0   0  0  0  0  0  0/0     0:38   0:00   0:00 
Corey Perry              0  0  0   0  0   0  2  1  0  0  0/0     8:03   0:00   0:00 
Derick Brassard          1  0  1   1  0   4  0  0  0  1  1/4    11:36   0:00   0:52 
Henri Jokiharju          0  0  0   0  0   1  0  0  0  0  0/0    13:15   0:00   0:28 
Jake Muzzin              0  1  1   1  2   0  0  1  0  1  0/0    26:27   3:31   3:22 
Mathew Barzal            0  0  0  -1  0   0  3  0  0  0  1/3    13:32   2:42   0:00 
Max Pacioretty           0  0  0  -1  0   1  0  0  0  0  0/0    18:14   2:42   2:45 
Mitch Marner             0  2  2   1  0   5  3  1  0  1  1/8    21:36   3:18   4:23 
Ryan O'Reilly            2  0  2   1  0   6  2  0  0  0  10/24  21:36   3:18   4:23 
Slater Koekkoek          0  0  0   0  2   0  1  1  0  0  0/0    14:12   0:00   3:10 
Tobias Rieder            0  0  0   0  0   0  0  0  0  0  0/0     2:44   0:00   0:00 
Travis Hamonic           0  0  0   1  2   3  0  1  0  1  0/0    25:13   3:31   3:17 
Valeri Nichushkin        0  0  0   1  0   0  1  0  0  0  1/1     8:56   0:00   0:00 

Players Stats for Wild

Player Name              G  A  P  +/- PIM S  H  SB GA TA FO     MP     PP MP  PK MP  
------------------------------------------------------------------------------------
Adrian Kempe             0  0  0   0  0   4  3  0  1  0  0/0    11:53   0:00   0:00 
Brad Marchand            0  0  0   0  0   0  5  1  1  0  0/0    18:06   3:19   2:09 
Brandon Carlo            0  0  0  -1  0   0  1  0  0  0  0/0    20:03   5:00   2:13 
Brayden McNabb           0  0  0   0  2   1  1  0  0  0  0/0    18:59   0:00   2:27 
Chris Tierney            0  0  0   0  0   0  1  0  0  0  7/12   15:21   0:00   3:35 
Frank Vatrano            0  0  0   0  0   1  5  2  0  0  0/0    13:01   0:00   1:05 
Jack Eichel              0  0  0   0  2   6  3  0  0  0  11/18  16:57   3:19   0:00 
Jesper Fast              0  0  0   0  0   1  0  0  0  0  0/0    15:24   0:00   3:38 
Jordan Greenway          0  0  0  -1  2   0  1  1  0  0  0/0     8:29   0:00   0:10 
Kevin Stenlund           0  0  0  -1  0   1  1  0  0  0  0/0     8:07   0:00   0:00 
Kris Letang              0  0  0   0  2   0  2  1  1  0  0/0    18:44   3:00   0:26 
Martin Marincin          0  0  0  -1  0   2  0  0  0  0  0/0    16:31   0:00   3:57 
Mattias Ekholm           0  0  0   0  0   0  0  1  0  0  0/0    25:16   5:00   2:54 
Nikita Kucherov          0  2  2   0  0   5  1  0  1  0  2/2    19:15   4:41   0:00 
Patrice Bergeron         1  1  2   0  0   1  1  0  0  0  7/8    17:02   4:41   0:00 
Ryan Suter               0  0  0   0  0   1  0  7  0  1  0/0    19:38   3:00   0:03 
Sean Couturier           0  0  0  -1  0   1  0  1  0  0  3/5    12:55   3:19   1:23 
T.J. Oshie               1  0  1   0  0   7  1  0  1  0  1/2    18:15   4:41   0:00 

3 Stars

1 - Ryan O'Reilly (MTL)
2 - Mitch Marner (MTL)
3 - Patrice Bergeron (MIW)

Power Play

Canadiens - 1 on 4 Attempt(s) - 25,00%
Wild - 1 on 5 Attempt(s) - 20,00%

Penalty Kill

Canadiens - 4 on 5 Attempt(s) - 80,00% - Score 0 goal in Penalty Kill
Wild - 3 on 4 Attempt(s) - 75,00% - Score 0 goal in Penalty Kill

Team Stat

Canadiens - Hits : 19 - Faceoff Wins : 16 - Blocked Shots : 11 - Penalty Minutes : 10
Wild - Hits : 26 - Faceoff Wins : 31 - Blocked Shots : 14 - Penalty Minutes : 8

Official

Referees : Dave Lewis and Tim Mayer
Linesman : Kiel Murchison and Derek Nansen

Game Notes

Valeri Nichushkin is injured at 12:04 of 3rd period (Sprained Left Ankle)

Finance

Level 1 -- Attendance: 4260 (71,00%) -- Ticket Income 426 000 $
Level 2 -- Attendance: 4698 (93,96%) -- Ticket Income 281 880 $
Level 3 -- Attendance: 2000 (100,00%) -- Ticket Income 70 000 $
Level 4 -- Attendance: 3996 (99,90%) -- Ticket Income 79 920 $
Luxury Box -- Attendance: 804 (80,40%) -- Ticket Income 160 800 $
Game was played at the Xcel Enery Center.
Total Attendance: 15758 (87,54%)
Total Ticket Income: 1 018 600 $
Other Income: 499 114 $
Total Income: 1 517 714 $

Canadiens

5 vs 5 Forward 
   Center                   Left Wing                Right Wing               Time % Phy DF OF 
 1 Ryan O'Reilly            Chris Kreider            Mitch Marner             40     1   2  2  
 2 Mathew Barzal            Max Pacioretty           Bryan Little             30     1   2  2  
 3 Derick Brassard          Valeri Nichushkin        Brad Richardson          20     1   2  2  
 4 Alex Galchenyuk          Alexander Nylander       Corey Perry              10     1   2  2  

5 vs 5 Defense 
   Defense                  Defense                                           Time % Phy DF OF 
 1 Jake Muzzin              Travis Hamonic                                    40     1   2  2  
 2 Adam Larsson             Anthony DeAngelo                                  30     1   2  2  
 3 Henri Jokiharju          Slater Koekkoek                                   20     1   2  2  
 4 Jake Muzzin              Travis Hamonic                                    10     1   2  2  

PowerPlay Forward 
   Center                   Left Wing                Right Wing               Time % Phy DF OF 
 1 Ryan O'Reilly            Chris Kreider            Mitch Marner             60     1   2  2  
 2 Mathew Barzal            Max Pacioretty           Bryan Little             40     1   2  2  

PowerPlay Defense
   Defense                  Defense                                           Time % Phy DF OF 
 1 Jake Muzzin              Travis Hamonic                                    60     1   2  2  
 2 Adam Larsson             Anthony DeAngelo                                  40     1   2  2  

Penalty Kill 4 Players Forward 
   Center                   Wing                     Time % Phy DF OF 
 1 Mitch Marner             Ryan O'Reilly            60     1   2  2  
 2 Chris Kreider            Max Pacioretty           40     1   2  2  

Penalty Kill 4 Players Defense
   Defense                  Defense                  Time % Phy DF OF 
 1 Jake Muzzin              Travis Hamonic           60     1   2  2  
 2 Adam Larsson             Anthony DeAngelo         40     1   2  2  

Penalty Kill - 3 Players Forward 
   Forward                                           Time % Phy DF OF 
 1 Mitch Marner                                      60     1   2  2  
 2 Ryan O'Reilly                                     40     1   2  2  

Penalty Kill - 3 Players Defense
   Defense                  Defense                  Time % Phy DF OF 
 1 Jake Muzzin              Travis Hamonic           60     1   2  2  
 2 Adam Larsson             Anthony DeAngelo         40     1   2  2  

4 vs 4 Forward 
   Center                   Wing                     Time % Phy DF OF 
 1 Mitch Marner             Ryan O'Reilly            60     1   2  2  
 2 Chris Kreider            Max Pacioretty           40     1   2  2  

4 vs 4 Defense
   Defense                  Defense                  Time % Phy DF OF 
 1 Jake Muzzin              Travis Hamonic           60     1   2  2  
 2 Adam Larsson             Anthony DeAngelo         40     1   2  2  

Last Minutes Offensive
   Center                   Left Wing                Right Wing               Defense                  Defense                  
   Ryan O'Reilly            Chris Kreider            Mitch Marner             Jake Muzzin              Travis Hamonic           

Last Minutes Defensive
   Center                   Left Wing                Right Wing               Defense                  Defense                  
   Ryan O'Reilly            Chris Kreider            Mitch Marner             Jake Muzzin              Travis Hamonic           

Goaltenders
Starting : Adin Hill                
Backup : Robin Lehner             

Extra Forwards
Normal : Tobias Rieder, Colin Campbell, Derick Brassard - PP : Tobias Rieder, Colin Campbell - PK : Derick Brassard
Extra Defensemen
Normal : Henri Jokiharju, Slater Koekkoek, Adam Larsson - PP : Henri Jokiharju - PK : Slater Koekkoek, Adam Larsson
Penalty Shots
Mitch Marner, Ryan O'Reilly, Chris Kreider, Max Pacioretty, Mathew Barzal
Custom OT Lines Forwards
Mitch Marner, Ryan O'Reilly, Chris Kreider, Max Pacioretty, Mathew Barzal, Bryan Little, Derick Brassard, Valeri Nichushkin, Brad Richardson, Alex Galchenyuk
Custom OT Lines Defensemen
Jake Muzzin, Travis Hamonic, Adam Larsson, Anthony DeAngelo, Henri Jokiharju

Scratches
John Moore (Strained Groin Injury)

Wild

5 vs 5 Forward 
   Center                   Left Wing                Right Wing               Time % Phy DF OF 
 1 Jack Eichel              T.J. Oshie               Nikita Kucherov          35     1   2  2  
 2 Patrice Bergeron         Frank Vatrano            Brad Marchand            33     1   2  2  
 3 Chris Tierney            Adrian Kempe             Jesper Fast              20     1   2  2  
 4 Sean Couturier           Jordan Greenway          Kevin Stenlund           12     0   2  3  

5 vs 5 Defense 
   Defense                  Defense                                           Time % Phy DF OF 
 1 Kris Letang              Ryan Suter                                        37     1   2  2  
 2 Mattias Ekholm           Brayden McNabb                                    37     1   2  2  
 3 Martin Marincin          Brandon Carlo                                     26     1   2  2  
 4 Mattias Ekholm           Ryan Suter                                        0      1   2  2  

PowerPlay Forward 
   Center                   Left Wing                Right Wing               Time % Phy DF OF 
 1 Sean Couturier           Brad Marchand            Jack Eichel              50     0   1  4  
 2 Patrice Bergeron         Nikita Kucherov          T.J. Oshie               50     0   0  5  

PowerPlay Defense
   Defense                  Defense                                           Time % Phy DF OF 
 1 Brandon Carlo            Mattias Ekholm                                    60     0   1  4  
 2 Kris Letang              Ryan Suter                                        40     0   2  3  

Penalty Kill 4 Players Forward 
   Center                   Wing                     Time % Phy DF OF 
 1 Chris Tierney            Jesper Fast              60     0   4  1  
 2 Sean Couturier           Brad Marchand            40     0   5  0  

Penalty Kill 4 Players Defense
   Defense                  Defense                  Time % Phy DF OF 
 1 Brayden McNabb           Martin Marincin          60     0   4  0  
 2 Mattias Ekholm           Brandon Carlo            40     0   5  0  

Penalty Kill - 3 Players Forward 
   Forward                                           Time % Phy DF OF 
 1 Chris Tierney                                     60     0   5  0  
 2 Jesper Fast                                       40     0   5  0  

Penalty Kill - 3 Players Defense
   Defense                  Defense                  Time % Phy DF OF 
 1 Brayden McNabb           Mattias Ekholm           65     0   5  0  
 2 Martin Marincin          Brandon Carlo            35     0   5  0  

4 vs 4 Forward 
   Center                   Wing                     Time % Phy DF OF 
 1 Jack Eichel              Nikita Kucherov          50     1   2  2  
 2 Patrice Bergeron         Brad Marchand            50     1   2  2  

4 vs 4 Defense
   Defense                  Defense                  Time % Phy DF OF 
 1 Mattias Ekholm           Ryan Suter               60     1   2  2  
 2 Brayden McNabb           Kris Letang              40     1   2  2  

Last Minutes Offensive
   Center                   Left Wing                Right Wing               Defense                  Defense                  
   Jack Eichel              Brad Marchand            Nikita Kucherov          Mattias Ekholm           Ryan Suter               

Last Minutes Defensive
   Center                   Left Wing                Right Wing               Defense                  Defense                  
   Chris Tierney            Jesper Fast              Adrian Kempe             Brayden McNabb           Mattias Ekholm           

Goaltenders
Starting : Linus Ullmark            
Backup : Anton Khudobin           

Extra Forwards
Normal : Adrian Kempe, Brad Marchand, Frank Vatrano - PP : Jack Eichel, Nikita Kucherov - PK : Frank Vatrano
Extra Defensemen
Normal : Mattias Ekholm, Kris Letang, Brayden McNabb - PP : Brandon Carlo - PK : Brayden McNabb, Mattias Ekholm
Penalty Shots
T.J. Oshie, Nikita Kucherov, Patrice Bergeron, Jack Eichel, Sean Couturier
Custom OT Lines Forwards
Jack Eichel, Nikita Kucherov, Brad Marchand, Patrice Bergeron, T.J. Oshie, Sean Couturier, Frank Vatrano, Chris Tierney, Adrian Kempe, Jordan Greenway
Custom OT Lines Defensemen
Brayden McNabb, Ryan Suter, Mattias Ekholm, Brandon Carlo, Kris Letang

Scratches
Adam Fox (Abdomen/Ribs Injury), Devon Toews (Healthy)

% Time on Ice - Canadiens

Lines # - Real PCT - Wanted PCT - Time Play
Normal Forward
1 - 30% - 40% - 13:22
2 - 30% - 30% - 13:18
3 - 22% - 20% - 10:02
4 - 18% - 10% - 8:03
Normal Defense
1 - 42% - 40% - 18:58
2 - 32% - 30% - 14:30
3 - 21% - 20% - 9:35
4 - 4% - 10% - 1:42
PP Forward
1 - 55% - 60% - 3:18
2 - 45% - 40% - 2:42
PP Defense
1 - 59% - 60% - 3:31
2 - 41% - 40% - 2:29
PK Forward
1 - 66% - 60% - 5:15
2 - 34% - 40% - 2:45
PK Defense
1 - 59% - 60% - 4:45
2 - 41% - 40% - 3:15
PK3 Forward
1 - 0% - 60%
2 - 0% - 40%
PK3 Defense
1 - 0% - 60%
2 - 0% - 40%
44 Forward
1 - 0% - 60%
2 - 0% - 40%
44 Defense
1 - 0% - 60%
2 - 0% - 40%
Last Minute Offensive  - 0:00
Last Minute Defensive  - 1:15
Total
Forward - 60:00
Defense - 60:00

% Time on Ice - Wild

Lines # - Real PCT - Wanted PCT - Time Play
Normal Forward
1 - 27% - 35% - 12:02
2 - 29% - 33% - 12:50
3 - 26% - 20% - 11:45
4 - 19% - 12% - 8:23
Normal Defense
1 - 38% - 37% - 16:56
2 - 38% - 37% - 17:05
3 - 24% - 26% - 10:59
4 - 0% - 0% - 0:00
PP Forward
1 - 41% - 50% - 3:19
2 - 59% - 50% - 4:41
PP Defense
1 - 63% - 60% - 5:00
2 - 38% - 40% - 3:00
PK Forward
1 - 81% - 60% - 4:53
2 - 19% - 40% - 1:07
PK Defense
1 - 74% - 60% - 4:26
2 - 26% - 40% - 1:34
PK3 Forward
1 - 0% - 60%
2 - 0% - 40%
PK3 Defense
1 - 0% - 65%
2 - 0% - 35%
44 Forward
1 - 0% - 50%
2 - 0% - 50%
44 Defense
1 - 0% - 60%
2 - 0% - 40%
Last Minute Offensive  - 1:00
Last Minute Defensive  - 0:00
Total
Forward - 60:00
Defense - 60:00

Play-by-Play

1st period


0:01 of 1st period - Ryan O'Reilly wins face-off versus Jack Eichel in neutral zone.
2:18 of 1st period - Snap shot by Mathew Barzal.
2:18 of 1st period - Shot Misses the Net.
2:44 of 1st period - Snap shot by Nikita Kucherov.
2:44 of 1st period - Deflect By T.J. Oshie.
2:44 of 1st period - Stopped by Adin Hill with a rebound.
2:46 of 1st period - Slapshot by T.J. Oshie.
2:46 of 1st period - Shot Misses the Net.
2:48 of 1st period - Slapshot by Brandon Carlo.
2:48 of 1st period - Shot Misses the Net.
3:00 of 1st period - Adam Larsson is hit by Frank Vatrano and loses puck.
3:12 of 1st period - Icing by Derick Brassard.
3:13 of 1st period - Derick Brassard wins face-off versus Sean Couturier in Canadiens zone.
3:13 of 1st period - Derick Brassard is hit by Jordan Greenway.
3:47 of 1st period - Snap shot by Ryan O'Reilly.
3:47 of 1st period - Shot Misses the Net.
4:07 of 1st period - Wrist shot by Mathew Barzal.
4:07 of 1st period - Shot Blocked by Frank Vatrano.
4:21 of 1st period - Snap shot by Alexander Nylander.
4:21 of 1st period - Stopped by Linus Ullmark without a rebound.
4:22 of 1st period - Chris Tierney wins face-off versus Alex Galchenyuk in Wild zone.
5:30 of 1st period - Snap shot by Jesper Fast.
5:30 of 1st period - Shot Misses the Net.
6:13 of 1st period - Slapshot by Chris Tierney.
6:13 of 1st period - Shot Blocked by Corey Perry.
6:15 of 1st period - Wrist shot by Jesper Fast.
6:15 of 1st period - Stopped by Adin Hill without a rebound.
6:16 of 1st period - Jack Eichel wins face-off versus Ryan O'Reilly in Canadiens zone.
6:31 of 1st period - Wrist shot by Nikita Kucherov.
6:31 of 1st period - Stopped by Adin Hill with a rebound.
6:33 of 1st period - Slapshot by Jack Eichel.
6:33 of 1st period - Stopped by Adin Hill with a rebound.
6:43 of 1st period - Brayden McNabb is hit by Bryan Little.
6:53 of 1st period - Snap shot by Brad Marchand.
6:53 of 1st period - Shot Misses the Net.
7:32 of 1st period - Backhand shot by T.J. Oshie.
7:32 of 1st period - Stopped by Adin Hill with a rebound.
7:34 of 1st period - Snap shot by Martin Marincin.
7:34 of 1st period - Shot Misses the Net.
7:36 of 1st period - Slapshot by Martin Marincin.
7:36 of 1st period - Stopped by Adin Hill with a rebound.
8:37 of 1st period - Travis Hamonic is hit by T.J. Oshie and loses puck.
9:01 of 1st period - Mattias Ekholm is hit by Brad Richardson and loses puck.
10:26 of 1st period - Mathew Barzal is hit by Frank Vatrano and loses puck.
11:02 of 1st period - Chris Kreider is hit by Kris Letang and loses puck.
11:44 of 1st period - Bryan Little is hit by Brad Marchand and loses puck.
11:57 of 1st period - Chris Kreider is hit by Jack Eichel and loses puck.
12:02 of 1st period - Snap shot by Nikita Kucherov.
12:02 of 1st period - Stopped by Adin Hill with a rebound.
12:12 of 1st period - Adrian Kempe is hit by Alexander Nylander and loses puck.
12:19 of 1st period - Adam Larsson is hit by Adrian Kempe and loses puck.
12:46 of 1st period - Jake Muzzin is hit by Frank Vatrano and loses puck.
13:18 of 1st period - Ryan Suter is hit by Mitch Marner and loses puck.
14:13 of 1st period - Chris Tierney is hit by Mitch Marner and loses puck.
14:29 of 1st period - Minor Penalty to Adam Larsson for Slashing.
14:30 of 1st period - Sean Couturier wins face-off versus Mitch Marner in Canadiens zone.
14:32 of 1st period - Snap shot by Jack Eichel.
14:32 of 1st period - Shot Blocked by Mitch Marner.
14:34 of 1st period - Slapshot by Brandon Carlo.
14:34 of 1st period - Shot Misses the Net.
15:02 of 1st period - Slapshot by Jack Eichel.
15:02 of 1st period - Shot Misses the Net.
15:04 of 1st period - Snap shot by Sean Couturier.
15:04 of 1st period - Shot Misses the Net.
15:10 of 1st period - Snap shot by Jack Eichel.
15:10 of 1st period - Stopped by Adin Hill with a rebound.
15:40 of 1st period - Wrist shot by Jack Eichel.
15:40 of 1st period - Stopped by Adin Hill with a rebound.
15:42 of 1st period - Wrist shot by Sean Couturier.
15:42 of 1st period - Stopped by Adin Hill with a rebound.
15:44 of 1st period - Slapshot by Mattias Ekholm.
15:44 of 1st period - Deflect By Jack Eichel.
15:44 of 1st period - Shot Misses the Net.
15:44 of 1st period - Puck is out of play.
15:45 of 1st period - Patrice Bergeron wins face-off versus Chris Kreider in Canadiens zone.
16:29 of 1st period - Penalty to Adam Larsson is over, Adam Larsson is back on ice.
16:36 of 1st period - Jake Muzzin is hit by Adrian Kempe and loses puck.
16:58 of 1st period - Snap shot by Alex Galchenyuk.
16:58 of 1st period - Stopped by Linus Ullmark with a rebound.
17:00 of 1st period - Snap shot by Henri Jokiharju.
17:00 of 1st period - Shot Misses the Net.
17:02 of 1st period - Wrist shot by Derick Brassard.
17:02 of 1st period - Shot Misses the Net.
17:13 of 1st period - Icing by Henri Jokiharju.
17:14 of 1st period - Mathew Barzal wins face-off versus Chris Tierney in Canadiens zone.
17:43 of 1st period - Icing by Ryan O'Reilly.
17:44 of 1st period - Patrice Bergeron wins face-off versus Ryan O'Reilly in Canadiens zone.
17:45 of 1st period - Snap shot by Brad Marchand.
17:45 of 1st period - Shot Misses the Net.
17:51 of 1st period - Brad Marchand is hit by Adam Larsson and loses puck.
18:02 of 1st period - Wrist shot by Mitch Marner.
18:02 of 1st period - Stopped by Linus Ullmark without a rebound.
18:03 of 1st period - Nikita Kucherov wins face-off versus Mathew Barzal in Wild zone.
18:03 of 1st period - Nikita Kucherov is hit by Mathew Barzal.
18:29 of 1st period - Bryan Little is hit by Brayden McNabb and loses puck.
18:39 of 1st period - Off-side.
18:40 of 1st period - Jack Eichel wins face-off versus Mitch Marner in neutral zone.
18:42 of 1st period - Minor Penalty to Jack Eichel for Cross-checking.
18:43 of 1st period - Chris Tierney wins face-off versus Ryan O'Reilly in Wild zone.
18:43 of 1st period - Chris Tierney is hit by Ryan O'Reilly.
18:53 of 1st period - Snap shot by Chris Kreider.
18:53 of 1st period - Stopped by Linus Ullmark with a rebound.
18:59 of 1st period - Wrist shot by Mitch Marner.
18:59 of 1st period - Shot Misses the Net.
Goals for this period are 0 for Canadiens vs 0 for Wild.
Shots for this period are 4 for Canadiens vs 10 for Wild.

2nd period


0:01 of 2nd period - Chris Tierney wins face-off versus Chris Kreider in neutral zone.
0:39 of 2nd period - Snap shot by Mathew Barzal.
0:39 of 2nd period - Deflect By Bryan Little.
0:39 of 2nd period - Shot Blocked by Brad Marchand.
0:39 of 2nd period - Puck is out of play.
0:40 of 2nd period - Chris Tierney wins face-off versus Ryan O'Reilly in Wild zone.
0:42 of 2nd period - Penalty to Jack Eichel is over, Jack Eichel is back on ice.
1:30 of 2nd period - Snap shot by Sean Couturier.
1:30 of 2nd period - Shot Blocked by Adam Larsson.
1:32 of 2nd period - Slapshot by Brayden McNabb.
1:32 of 2nd period - Stopped by Adin Hill with a rebound.
1:34 of 2nd period - Slapshot by Brayden McNabb.
1:34 of 2nd period - Shot Blocked by Adam Larsson.
1:36 of 2nd period - Snap shot by Sean Couturier.
1:36 of 2nd period - Shot Misses the Net.
1:38 of 2nd period - Slapshot by Mattias Ekholm.
1:38 of 2nd period - Deflect By Kevin Stenlund.
1:38 of 2nd period - Stopped by Adin Hill with a rebound.
1:50 of 2nd period - Slapshot by Adrian Kempe.
1:50 of 2nd period - Stopped by Adin Hill with a rebound.
2:59 of 2nd period - Snap shot by Valeri Nichushkin.
2:59 of 2nd period - Shot Misses the Net.
3:01 of 2nd period - Wrist shot by Henri Jokiharju.
3:01 of 2nd period - Shot Blocked by Jordan Greenway.
3:03 of 2nd period - Slapshot by Slater Koekkoek.
3:03 of 2nd period - Shot Misses the Net.
3:16 of 2nd period - Icing by Brad Richardson.
3:17 of 2nd period - Chris Tierney wins face-off versus Alex Galchenyuk in Canadiens zone.
3:46 of 2nd period - Snap shot by Ryan Suter.
3:46 of 2nd period - Stopped by Adin Hill with a rebound.
3:48 of 2nd period - Snap shot by T.J. Oshie.
3:48 of 2nd period - Stopped by Adin Hill without a rebound.
3:49 of 2nd period - Nikita Kucherov wins face-off versus Ryan O'Reilly in Canadiens zone.
3:50 of 2nd period - Wrist shot by Jack Eichel.
3:50 of 2nd period - Stopped by Adin Hill without a rebound.
3:51 of 2nd period - Ryan O'Reilly wins face-off versus Jack Eichel in Canadiens zone.
3:51 of 2nd period - Ryan O'Reilly is hit by Jack Eichel.
4:53 of 2nd period - Minor Penalty to Alexander Nylander for Interference.
4:54 of 2nd period - Patrice Bergeron wins face-off versus Mitch Marner in Canadiens zone.
5:40 of 2nd period - Slapshot by Chris Kreider.
5:40 of 2nd period - Deflect By Max Pacioretty.
5:40 of 2nd period - Shot Misses the Net.
5:40 of 2nd period - Puck is out of play.
5:41 of 2nd period - Sean Couturier wins face-off versus Mitch Marner in Wild zone.
5:59 of 2nd period - Off-side.
6:00 of 2nd period - Chris Kreider wins face-off versus Sean Couturier in neutral zone.
6:53 of 2nd period - Penalty to Alexander Nylander is over, Alexander Nylander is back on ice.
7:20 of 2nd period - Minor Penalty to Slater Koekkoek for Boarding.
7:21 of 2nd period - Patrice Bergeron wins face-off versus Mitch Marner in Canadiens zone.
7:22 of 2nd period - Snap shot by Nikita Kucherov.
7:22 of 2nd period - Stopped by Adin Hill with a rebound.
7:24 of 2nd period - Snap shot by Patrice Bergeron.
7:24 of 2nd period - Goal by Patrice Bergeron - Canadiens : 0 - Wild : 1.
7:25 of 2nd period - Ryan O'Reilly wins face-off versus Jack Eichel in neutral zone.
7:34 of 2nd period - Snap shot by Chris Kreider.
7:34 of 2nd period - Shot Misses the Net.
7:36 of 2nd period - Snap shot by Chris Kreider.
7:36 of 2nd period - Deflect By Ryan O'Reilly.
7:36 of 2nd period - Deflect By Nikita Kucherov.
7:36 of 2nd period - Stopped by Linus Ullmark without a rebound.
7:37 of 2nd period - Jack Eichel wins face-off versus Ryan O'Reilly in Wild zone.
7:42 of 2nd period - Snap shot by Jack Eichel.
7:42 of 2nd period - Stopped by Adin Hill without a rebound.
7:43 of 2nd period - Jack Eichel wins face-off versus Ryan O'Reilly in Canadiens zone.
7:44 of 2nd period - Wrist shot by Nikita Kucherov.
7:44 of 2nd period - Stopped by Adin Hill with a rebound.
7:46 of 2nd period - Snap shot by T.J. Oshie.
7:46 of 2nd period - Stopped by Adin Hill without a rebound.
7:47 of 2nd period - Jack Eichel wins face-off versus Chris Kreider in Canadiens zone.
7:54 of 2nd period - Slapshot by Jack Eichel.
7:54 of 2nd period - Stopped by Adin Hill with a rebound.
7:56 of 2nd period - Slapshot by Ryan Suter.
7:56 of 2nd period - Deflect By Nikita Kucherov.
7:56 of 2nd period - Shot Misses the Net.
7:56 of 2nd period - Puck is out of play.
7:57 of 2nd period - Jack Eichel wins face-off versus Ryan O'Reilly in Canadiens zone.
8:02 of 2nd period - Wrist shot by Ryan O'Reilly.
8:02 of 2nd period - Stopped by Linus Ullmark with a rebound.
8:10 of 2nd period - Snap shot by Chris Kreider.
8:10 of 2nd period - Stopped by Linus Ullmark with a rebound.
8:12 of 2nd period - Snap shot by Ryan O'Reilly.
8:12 of 2nd period - Shot Misses the Net.
8:14 of 2nd period - Slapshot by Jake Muzzin.
8:14 of 2nd period - Shot Blocked by Ryan Suter.
9:13 of 2nd period - Snap shot by Ryan O'Reilly.
9:13 of 2nd period - Deflect By Sean Couturier.
9:13 of 2nd period - Stopped by Linus Ullmark with a rebound.
9:17 of 2nd period - Wrist shot by Mitch Marner.
9:17 of 2nd period - Shot Blocked by Sean Couturier.
9:19 of 2nd period - Backhand shot by Ryan O'Reilly.
9:19 of 2nd period - Goal by Ryan O'Reilly - Canadiens : 1 - Wild : 1.
9:20 of 2nd period - Ryan O'Reilly wins face-off versus Jack Eichel in neutral zone.
9:36 of 2nd period - Wrist shot by T.J. Oshie.
9:36 of 2nd period - Shot Misses the Net.
10:29 of 2nd period - Snap shot by Sean Couturier.
10:29 of 2nd period - Shot Blocked by Adam Larsson.
11:15 of 2nd period - Slapshot by Adrian Kempe.
11:15 of 2nd period - Stopped by Adin Hill with a rebound.
11:31 of 2nd period - Minor Penalty to Jake Muzzin for Holding.
11:32 of 2nd period - Mitch Marner wins face-off versus T.J. Oshie in Canadiens zone.
11:40 of 2nd period - Off-side.
11:41 of 2nd period - Patrice Bergeron wins face-off versus Mitch Marner in neutral zone.
12:53 of 2nd period - Snap shot by T.J. Oshie.
12:53 of 2nd period - Shot Misses the Net.
13:31 of 2nd period - Penalty to Jake Muzzin is over, Jake Muzzin is back on ice.
13:43 of 2nd period - Wrist shot by Max Pacioretty.
13:43 of 2nd period - Shot Hit the Post.
14:29 of 2nd period - Slapshot by Nikita Kucherov.
14:29 of 2nd period - Shot Blocked by Adam Larsson.
14:31 of 2nd period - Snap shot by Patrice Bergeron.
14:31 of 2nd period - Shot Hit the Post.
14:33 of 2nd period - Slapshot by Patrice Bergeron.
14:33 of 2nd period - Deflect By Nikita Kucherov.
14:33 of 2nd period - Stopped by Adin Hill with a rebound.
14:35 of 2nd period - Wrist shot by Patrice Bergeron.
14:35 of 2nd period - Shot Misses the Net.
14:37 of 2nd period - Wrist shot by Mattias Ekholm.
14:37 of 2nd period - Shot Misses the Net.
14:53 of 2nd period - Snap shot by Nikita Kucherov.
14:53 of 2nd period - Shot Blocked by Chris Kreider.
14:55 of 2nd period - Wrist shot by Nikita Kucherov.
14:55 of 2nd period - Shot Misses the Net.
14:57 of 2nd period - Snap shot by T.J. Oshie.
14:57 of 2nd period - Stopped by Adin Hill without a rebound.
14:58 of 2nd period - Brad Richardson wins face-off versus Chris Tierney in Canadiens zone.
15:05 of 2nd period - Snap shot by Valeri Nichushkin.
15:05 of 2nd period - Shot Misses the Net.
15:46 of 2nd period - Icing by Chris Tierney.
15:47 of 2nd period - Valeri Nichushkin wins face-off versus Chris Tierney in Wild zone.
15:52 of 2nd period - Snap shot by Valeri Nichushkin.
15:52 of 2nd period - Shot Misses the Net.
15:54 of 2nd period - Wrist shot by Derick Brassard.
15:54 of 2nd period - Stopped by Linus Ullmark with a rebound.
16:25 of 2nd period - Brad Richardson is hit by Chris Tierney.
16:29 of 2nd period - Travis Hamonic is hit by Kris Letang and loses puck.
16:56 of 2nd period - Snap shot by Ryan O'Reilly.
16:56 of 2nd period - Stopped by Linus Ullmark with a rebound.
17:26 of 2nd period - Martin Marincin is hit by Slater Koekkoek and loses puck.
17:46 of 2nd period - Travis Hamonic is hit by Frank Vatrano and loses puck.
17:51 of 2nd period - Snap shot by Brad Marchand.
17:51 of 2nd period - Shot Misses the Net.
17:53 of 2nd period - Snap shot by Brad Marchand.
17:53 of 2nd period - Shot Blocked by Alex Galchenyuk.
18:15 of 2nd period - Jesper Fast is hit by Mitch Marner and loses puck.
18:50 of 2nd period - Minor Penalty to Brayden McNabb for Holding.
18:51 of 2nd period - Chris Tierney wins face-off versus Ryan O'Reilly in Wild zone.
19:00 of 2nd period - Mattias Ekholm is hit by Chris Kreider and loses puck.
19:15 of 2nd period - Mathew Barzal is hit by Brad Marchand and loses puck.
19:40 of 2nd period - Mitch Marner is hit by Brandon Carlo and loses puck.
Goals for this period are 1 for Canadiens vs 1 for Wild.
Shots for this period are 7 for Canadiens vs 15 for Wild.

3rd period


0:01 of 3rd period - Ryan O'Reilly wins face-off versus Chris Tierney in neutral zone.
0:13 of 3rd period - Wrist shot by Mitch Marner.
0:13 of 3rd period - Shot Misses the Net.
0:49 of 3rd period - Mitch Marner is hit by Brad Marchand and loses puck.
0:50 of 3rd period - Penalty to Brayden McNabb is over, Brayden McNabb is back on ice.
1:03 of 3rd period - Slapshot by Derick Brassard.
1:03 of 3rd period - Goal by Derick Brassard - Canadiens : 2 - Wild : 1.
1:04 of 3rd period - Ryan O'Reilly wins face-off versus Jack Eichel in neutral zone.
1:20 of 3rd period - Snap shot by Chris Kreider.
1:20 of 3rd period - Shot Misses the Net.
1:30 of 3rd period - Brad Marchand is hit by Mathew Barzal and loses puck.
1:35 of 3rd period - Wrist shot by Bryan Little.
1:35 of 3rd period - Stopped by Linus Ullmark without a rebound.
1:36 of 3rd period - Ryan O'Reilly wins face-off versus Patrice Bergeron in Wild zone.
1:53 of 3rd period - Snap shot by Patrice Bergeron.
1:53 of 3rd period - Shot Misses the Net.
2:40 of 3rd period - Sean Couturier is hit by Mathew Barzal and loses puck.
2:47 of 3rd period - Slapshot by Mathew Barzal.
2:47 of 3rd period - Shot Misses the Net.
2:49 of 3rd period - Snap shot by Mathew Barzal.
2:49 of 3rd period - Shot Blocked by Frank Vatrano.
3:15 of 3rd period - Kris Letang is hit by Chris Kreider.
3:29 of 3rd period - Snap shot by Adrian Kempe.
3:29 of 3rd period - Stopped by Adin Hill with a rebound.
3:31 of 3rd period - Wrist shot by Adrian Kempe.
3:31 of 3rd period - Stopped by Adin Hill without a rebound.
3:32 of 3rd period - Patrice Bergeron wins face-off versus Derick Brassard in Canadiens zone.
3:44 of 3rd period - Snap shot by Frank Vatrano.
3:44 of 3rd period - Shot Blocked by Jake Muzzin.
3:46 of 3rd period - Wrist shot by Frank Vatrano.
3:46 of 3rd period - Stopped by Adin Hill without a rebound.
3:47 of 3rd period - Ryan O'Reilly wins face-off versus Jack Eichel in Canadiens zone.
4:14 of 3rd period - Snap shot by Adrian Kempe.
4:14 of 3rd period - Shot Misses the Net.
4:16 of 3rd period - Slapshot by Martin Marincin.
4:16 of 3rd period - Deflect By Mitch Marner.
4:16 of 3rd period - Stopped by Adin Hill with a rebound.
5:01 of 3rd period - Snap shot by Nikita Kucherov.
5:01 of 3rd period - Shot Blocked by Slater Koekkoek.
5:03 of 3rd period - Wrist shot by T.J. Oshie.
5:03 of 3rd period - Goal by T.J. Oshie - Canadiens : 2 - Wild : 2.
5:04 of 3rd period - Jack Eichel wins face-off versus Ryan O'Reilly in neutral zone.
5:11 of 3rd period - Snap shot by Nikita Kucherov.
5:11 of 3rd period - Shot Blocked by Travis Hamonic.
5:13 of 3rd period - Minor Penalty to Travis Hamonic for Tripping.
5:14 of 3rd period - Sean Couturier wins face-off versus Mitch Marner in Canadiens zone.
7:13 of 3rd period - Penalty to Travis Hamonic is over, Travis Hamonic is back on ice.
7:36 of 3rd period - Wrist shot by Max Pacioretty.
7:36 of 3rd period - Stopped by Linus Ullmark with a rebound.
7:38 of 3rd period - Wrist shot by Travis Hamonic.
7:38 of 3rd period - Stopped by Linus Ullmark with a rebound.
7:40 of 3rd period - Snap shot by Travis Hamonic.
7:40 of 3rd period - Stopped by Linus Ullmark with a rebound.
7:42 of 3rd period - Slapshot by Adam Larsson.
7:42 of 3rd period - Shot Misses the Net.
7:44 of 3rd period - Slapshot by Henri Jokiharju.
7:44 of 3rd period - Shot Blocked by Ryan Suter.
7:46 of 3rd period - Slapshot by Henri Jokiharju.
7:46 of 3rd period - Shot Blocked by Ryan Suter.
7:48 of 3rd period - Wrist shot by Chris Kreider.
7:48 of 3rd period - Shot Blocked by Ryan Suter.
7:50 of 3rd period - Snap shot by Max Pacioretty.
7:50 of 3rd period - Shot Misses the Net.
7:52 of 3rd period - Slapshot by Adam Larsson.
7:52 of 3rd period - Stopped by Linus Ullmark with a rebound.
7:54 of 3rd period - Slapshot by Chris Kreider.
7:54 of 3rd period - Shot Blocked by Kris Letang.
7:56 of 3rd period - Wrist shot by Adam Larsson.
7:56 of 3rd period - Shot Blocked by Ryan Suter.
8:11 of 3rd period - Snap shot by Max Pacioretty.
8:11 of 3rd period - Shot Misses the Net.
8:13 of 3rd period - Wrist shot by Travis Hamonic.
8:13 of 3rd period - Stopped by Linus Ullmark without a rebound.
8:14 of 3rd period - Jack Eichel wins face-off versus Derick Brassard in Wild zone.
8:14 of 3rd period - Jack Eichel is hit by Valeri Nichushkin.
8:40 of 3rd period - Frank Vatrano is hit by Corey Perry and loses puck.
8:47 of 3rd period - Alexander Nylander is hit by Brad Marchand and loses puck.
9:10 of 3rd period - Snap shot by Jordan Greenway.
9:10 of 3rd period - Shot Misses the Net.
9:26 of 3rd period - Derick Brassard is hit by Nikita Kucherov and loses puck.
9:52 of 3rd period - Kevin Stenlund is hit by Corey Perry and loses puck.
10:26 of 3rd period - Snap shot by Alex Galchenyuk.
10:26 of 3rd period - Stopped by Linus Ullmark with a rebound.
10:47 of 3rd period - Snap shot by Derick Brassard.
10:47 of 3rd period - Stopped by Linus Ullmark without a rebound.
10:48 of 3rd period - Patrice Bergeron wins face-off versus Derick Brassard in Wild zone.
11:26 of 3rd period - Travis Hamonic is hit by Frank Vatrano and loses puck.
11:35 of 3rd period - Slapshot by Mitch Marner.
11:35 of 3rd period - Stopped by Linus Ullmark without a rebound.
11:36 of 3rd period - Jack Eichel wins face-off versus Mathew Barzal in Wild zone.
11:45 of 3rd period - Snap shot by Max Pacioretty.
11:45 of 3rd period - Shot Blocked by Mattias Ekholm.
11:47 of 3rd period - Wrist shot by Mathew Barzal.
11:47 of 3rd period - Shot Misses the Net.
11:49 of 3rd period - Slapshot by Anthony DeAngelo.
11:49 of 3rd period - Shot Misses the Net.
11:51 of 3rd period - Wrist shot by Adam Larsson.
11:51 of 3rd period - Shot Misses the Net.
11:53 of 3rd period - Slapshot by Bryan Little.
11:53 of 3rd period - Shot Misses the Net.
12:03 of 3rd period - Valeri Nichushkin is hit by Adrian Kempe and loses puck.
12:04 of 3rd period - Valeri Nichushkin from Canadiens is injured at 12:04 of 3rd period (Sprained Left Ankle).
12:05 of 3rd period - T.J. Oshie wins face-off versus Ryan O'Reilly in Canadiens zone.
12:37 of 3rd period - Jake Muzzin is hit by Brad Marchand and loses puck.
13:20 of 3rd period - Minor Penalty to Jordan Greenway for Interference.
13:21 of 3rd period - Ryan O'Reilly wins face-off versus Chris Tierney in Wild zone.
13:23 of 3rd period - Backhand shot by Ryan O'Reilly.
13:23 of 3rd period - Goal by Ryan O'Reilly - Canadiens : 3 - Wild : 2.
13:24 of 3rd period - Ryan O'Reilly wins face-off versus Jack Eichel in neutral zone.
13:29 of 3rd period - Jack Eichel is hit by Ryan O'Reilly and loses puck.
13:53 of 3rd period - Minor Penalty to Kris Letang for Tripping.
13:54 of 3rd period - Chris Tierney wins face-off versus Ryan O'Reilly in Wild zone.
15:53 of 3rd period - Penalty to Kris Letang is over, Kris Letang is back on ice.
16:20 of 3rd period - Wrist shot by T.J. Oshie.
16:20 of 3rd period - Stopped by Adin Hill with a rebound.
16:32 of 3rd period - Slapshot by Alex Galchenyuk.
16:32 of 3rd period - Stopped by Linus Ullmark with a rebound.
16:34 of 3rd period - Snap shot by Brad Richardson.
16:34 of 3rd period - Stopped by Linus Ullmark with a rebound.
16:36 of 3rd period - Wrist shot by Henri Jokiharju.
16:36 of 3rd period - Stopped by Linus Ullmark with a rebound.
16:38 of 3rd period - Slapshot by Brad Richardson.
16:38 of 3rd period - Deflect By Derick Brassard.
16:38 of 3rd period - Stopped by Linus Ullmark with a rebound.
16:50 of 3rd period - Mathew Barzal is hit by Kevin Stenlund and loses puck.
17:27 of 3rd period - Slapshot by Ryan O'Reilly.
17:27 of 3rd period - Shot Misses the Net.
17:39 of 3rd period - Corey Perry is hit by Patrice Bergeron and loses puck.
18:59 of 3rd period - Wrist shot by Chris Kreider.
18:59 of 3rd period - Stopped by Linus Ullmark without a rebound.
19:00 of 3rd period - Rick Tocchet call a timeout for Wild.
19:00 of 3rd period - Jack Eichel wins face-off versus Ryan O'Reilly in Wild zone.
19:05 of 3rd period - Mitch Marner is hit by Jack Eichel and loses puck.
19:14 of 3rd period - Ryan Suter is hit by Adam Larsson and loses puck.
19:25 of 3rd period - Backhand shot by Mitch Marner.
19:25 of 3rd period - Shot Blocked by Ryan Suter.
19:27 of 3rd period - Slapshot by Mitch Marner.
19:27 of 3rd period - Stopped by Linus Ullmark with a rebound.
19:29 of 3rd period - Snap shot by Henri Jokiharju.
19:29 of 3rd period - Shot Misses the Net.
19:31 of 3rd period - Wrist shot by Mitch Marner.
19:31 of 3rd period - Stopped by Linus Ullmark with a rebound.
19:53 of 3rd period - Snap shot by Mitch Marner.
19:53 of 3rd period - Shot Blocked by Ryan Suter.
19:57 of 3rd period - Slapshot by Mitch Marner.
19:57 of 3rd period - Stopped by Linus Ullmark without a rebound.
19:58 of 3rd period - Jack Eichel wins face-off versus Ryan O'Reilly in Wild zone.
Goals for this period are 2 for Canadiens vs 1 for Wild.
Shots for this period are 19 for Canadiens vs 6 for Wild.